 Dungeon Crawl Stone Soup version 0.20-a0-613-g92415a4 (webtiles) character file.

7310 kidcy the Covert (level 10, -6/82 HPs)
             Began as a Demonspawn Monk on Feb 8, 2017.
             Was a High Priest of Ru.
             Mangled by an ice devil (9 damage)
             ... in an ice cave.
             The game lasted 00:30:21 (10938 turns).

kidcy the Covert (Demonspawn Monk)                 Turns: 10938, Time: 00:30:22

Health: -6/82      AC: 16    Str: 14    XL:     10   Next: 90%
Magic:  10/10      EV:  9    Int: 13    God:    Ru [*****.]
Gold:   528        SH:  0    Dex: 15    Spells: 9/9 levels left

rFire    + . .     SeeInvis .   j - +6 long sword
rCold    + . .     Gourm    .   x - +0 plate armour
rNeg     . . .     Faith    .   (shield unavailable)
rPois    +         Spirit   .   (no helmet)
rElec    +         Reflect  .   t - +0 cloak
rCorr    +         Harm     .   (no gloves)
MR       .....                  k - +0 pair of boots
Stlth    ..........             u - amulet of magic regeneration
Regen    0.3/turn               z - +5 ring of evasion
                                (ring unavailable)

@: confused, exhausted, resistant, studying Stealth, heavily drained
A: hooves 2, iridescent scales 1, demonic guardian 1, powered by death 2,
missing a hand, inability to train dodging, no air magic, no charms magic, no
transmutations magic
a: Draw Out Power, Power Leap, Apocalypse, Renounce Religion


You were in an ice cave.
You worshipped Ru.
Ru was extremely pleased with you.
You were hungry.

You visited 4 branches of the dungeon, and saw 13 of its levels.
You also visited: Ice Cave.

You collected 528 gold pieces.

Inventory:

Hand Weapons
 j - a +6 long sword (weapon)
Armour
 k - a +0 pair of boots (worn)
 t - a +0 cloak (worn)
 x - a +0 plate armour (worn)
Jewellery
 u - an amulet of magic regeneration (around neck)
 z - a +5 ring of evasion (right hand)
 B - an uncursed ring of fire
Wands
 c - a wand of acid (5/15)
Scrolls
 a - a scroll of remove curse
 d - a scroll of magic mapping
 f - 4 scrolls of identify
 g - 4 scrolls of immolation
 s - a scroll of recharging
 w - a scroll of fog
 y - 2 scrolls of amnesia
Potions
 e - 3 potions of might
 i - a potion of mutation
 r - 4 potions of flight
 A - a potion of ambrosia
Books
 o - a manual of Stealth
Comestibles
 b - a bread ration
 h - 3 meat rations
 p - 25 fruits


   Skills:
 + Level 8.4(5.4) Fighting
 * Level 8.5(5.5) Long Blades
   Level 6.2(3.4) Maces & Flails
 + Level 7.0(4.1) Armour
 * Level 9.2(6.1) Stealth


You had 9 spell levels left.
You didn't know any spells.

Dungeon Overview and Level Annotations

Branches:
Dungeon (10/15)            Temple (1/1) D:5            Lair (1/6) D:10
    Orc (1/2) D:10

Altars:
Ashenzari
Cheibriados
Dithmenos
Elyvilon
Fedhas
Gozag
Hepliaklqana
Kikubaaqudgha
Makhleb
Nemelex Xobeh
Okawaru
Qazlal
Ru
Sif Muna
Trog
Uskayaw
Vehumet
Xom
Yredelemnul
Zin
The Shining One

Shops:
D:6 [   D:8 (

Annotations:
D:8 Psyche IceCv exclusion: 2 ice statues


Innate Abilities, Weirdness & Mutations

You have hoof-like feet.
You are partially covered in iridescent scales. (AC +2)
A weak demonic guardian rushes to your aid.
You regenerate health from kills.
You are missing a hand.
You cannot train Dodging skill.
You cannot study or cast Air magic.
You cannot study or cast Charms magic.
You cannot study or cast Transmutations magic.


Message History

The ice devil hits your iron imp. The ice devil freezes your iron imp!
Your iron imp resists.
Your iron imp dies!
You slash the ice devil!
The ice devil is lightly wounded.
The ice devil hits you but does no damage.
The ice devil hits you.
* * * LOW HITPOINT WARNING * * *
The ice devil freezes you! You resist.
* * * LOW HITPOINT WARNING * * *
The ice devil hits you but does no damage.
You're too confused to move!
The ice devil closely misses you. The ice devil hits you.
* * * LOW HITPOINT WARNING * * *
The ice devil freezes you! You resist.
* * * LOW HITPOINT WARNING * * *
The ice devil hits you.
* * * LOW HITPOINT WARNING * * *
The ice devil freezes you! You resist.
You die...

##...## ##..∩..##
#...5...#
#...∩...#
##4....## ##.4.##
#...## ##### #
##...#
##...###§§#..##
##...#
##..4@.....#...
##...##
#..444.##.....
#...##
#...4###...... §
#..##
#....#........ §§
##..##
##..≈..##..####§§§
##..#
###....##..4.§.§§
##..####
###.........§§#
#8#....#8###
####.....§§#
#..........#
######..§#


You could see 5 ice devils.

Vanquished Creatures
  An unseen horror (D:10)
  A spiny frog (Lair:1)
  A gargoyle (D:10)
  2 trolls
  2 basilisks (D:10)
  9 porcupines
  4 orc warriors
  4 black bears
  An ice beast (D:9)
  A necrophage (D:9)
  A wolf (D:10)
  2 centaurs
  2 crocodiles (D:10)
  8 bullfrogs
  3 scorpions
  8 wights (D:8)
  6 killer bees (D:8)
  6 howler monkeys
  An electric eel (D:8)
  A bullfrog zombie (D:6)
  3 hounds
  A quasit (D:10)
  2 orc priests
  A jelly (D:9)
  5 orc wizards
  A bullfrog skeleton (D:7)
  A centaur skeleton (D:6)
  6 iguanas
  Jessica (D:2)
  Terence (D:2)
  Ijyb (D:2)
  3 worker ants
  2 hound skeletons
  Robin (D:3)
  16 adders
  6 shadow imps
  7 white imps (IceCv)
  7 ufetubi (IceCv)
  An ooze (D:1)
  2 adder skeletons
  An adder zombie (D:9)
  2 dart slugs
  4 leopard geckos
  29 orcs
  4 giant cockroaches
  14 goblins
  9 hobgoblins
  10 jackals
  4 kobolds
  4 quokkas
  3 ball pythons
  6 bats
  4 frilled lizards
  A jackal skeleton (D:9)
  A jackal zombie (D:4)
  A leopard gecko skeleton (D:8)
  A leopard gecko zombie (D:9)
  8 rats
  2 plants
240 creatures vanquished.

Vanquished Creatures (collateral kills)
  A hippogriff (D:6)
  4 porcupines
  A phantom (D:4)
  A wolf (D:10)
  A centaur (D:9)
  2 bullfrogs
  2 hounds
  A jelly (D:10)
  2 bullfrog skeletons
  3 orc wizards
  A worker ant (D:8)
  An adder (D:5)
  7 orcs
27 creatures vanquished.

Vanquished Creatures (others)
  A reaper (IceCv)
  Joseph (D:10)
  A black bear (D:8)
  4 killer bees (D:8)
  A hound (D:8)
  A centaur skeleton (D:8)
  5 white imps (IceCv)
  3 ufetubi (IceCv)
  A leopard gecko (D:8)
  An orc (D:8)
  A fungus (Lair:1)
20 creatures vanquished.

Grand Total: 287 creatures vanquished

Notes
Turn   | Place    | Note
-------+----------+-------------------------------------------
     0 | D:1      | kidcy the Demonspawn Monk began the quest for the Orb.
     0 | D:1      | Reached XP level 1. HP: 18/18 MP: 1/1
    87 | D:1      | Gained mutation: You have large cloven feet. [demonic ancestry]
    87 | D:1      | Reached XP level 2. HP: 20/24 MP: 2/2
  1319 | D:2      | Noticed Ijyb
  1330 | D:2      | Reached skill level 1 in Armour
  1330 | D:2      | Reached XP level 3. HP: 22/29 MP: 3/3
  1350 | D:2      | Killed Ijyb
  1750 | D:2      | Noticed Terence
  1773 | D:2      | Killed Terence
  1773 | D:2      | Gained mutation: You regenerate a little health from kills. [demonic ancestry]
  1773 | D:2      | Reached XP level 4. HP: 18/37 MP: 4/4
  1957 | D:2      | Noticed Jessica
  1993 | D:2      | Killed Jessica
  2243 | D:2      | Gained mutation: A weak demonic guardian rushes to your aid. [demonic ancestry]
  2243 | D:2      | Reached XP level 5. HP: 42/42 MP: 5/5
  2377 | D:2      | Found a deep blue altar of Sif Muna.
  2540 | D:3      | Noticed Robin
  2589 | D:3      | Killed Robin
  3166 | D:3      | Found a stormy altar of Qazlal.
  3289 | D:3      | Found a bloodstained altar of Trog.
  3413 | D:3      | Found a basalt altar of Yredelemnul.
  3844 | D:4      | Noticed a phantom
  4335 | D:4      | Gained mutation: You regenerate health from kills. [demonic ancestry]
  4335 | D:4      | Reached XP level 6. HP: 30/48 MP: 6/6
  4490 | D:4      | Reached skill level 5 in Maces & Flails
  4853 | D:5      | Entered Level 5 of the Dungeon
  5024 | D:5      | Gained mutation: You are partially covered in iridescent scales. (AC +2) [demonic ancestry]
  5024 | D:5      | Reached XP level 7. HP: 51/55 MP: 7/7
  5131 | D:5      | Found a staircase to the Ecumenical Temple.
  5259 | Temple   | Entered the Ecumenical Temple
  5318 | Temple   | Became a worshipper of Ru the Awakened
  5689 | D:6      | Gained mutation: You are missing a hand. [Ru sacrifice]
  5689 | D:6      | Reached * piety under Ru
  5689 | D:6      | Reached ** piety under Ru
  5689 | D:6      | Reached *** piety under Ru
  5708 | D:6      | Found a blossoming altar of Fedhas.
  5708 | D:6      | Found a shattered altar of Ashenzari.
  5810 | D:6      | Found Plog's Antique Armour Shop.
  5842 | D:6      | Reached skill level 5 in Fighting
  6185 | D:6      | Found a hazy altar of Hepliaklqana.
  6186 | D:6      | Found a shimmering altar of Xom.
  6186 | D:6      | Noticed a hell beast
  6187 | D:6      | Noticed a hell beast
  6187 | D:6      | Noticed a spectral ugly thing
  6208 | D:6      | Reached skill level 1 in Long Blades
  6512 | D:6      | Reached XP level 8. HP: 62/62 MP: 8/8
  7185 | D:7      | Noticed a hippogriff
  7235 | D:6      | Killed a hippogriff
  7402 | D:7      | Found a glowing golden altar of the Shining One.
  7531 | D:8      | Found a shimmering altar of Xom.
  7579 | D:8      | Noticed a troll
  7606 | D:8      | Noticed Psyche
  7628 | D:8      | Reached skill level 5 in Long Blades
  7636 | D:8      | Reached skill level 5 in Armour
  7650 | D:8      | Reached XP level 9. HP: 52/71 MP: 9/9
  7981 | D:8      | Gained mutation: You cannot study or cast Air magic. [Ru sacrifice]
  7981 | D:8      | Gained mutation: You cannot study or cast Transmutations magic. [Ru sacrifice]
  7981 | D:8      | Gained mutation: You cannot study or cast Charms magic. [Ru sacrifice]
  7981 | D:8      | Reached **** piety under Ru
  7992 | D:8      | Found Pafrapn's Weapon Shoppe.
  8095 | D:8      | Killed a troll
  8565 | D:9      | Reached skill level 2 in Stealth
  8686 | D:9      | Reached skill level 3 in Stealth
  9058 | D:9      | Reached skill level 4 in Stealth
  9211 | D:9      | Found a burning altar of Makhleb.
  9374 | D:10     | Entered Level 10 of the Dungeon
  9374 | D:10     | Noticed a gargoyle
  9380 | D:10     | Killed a gargoyle
  9380 | D:10     | Reached skill level 5 in Stealth
  9440 | D:10     | Gained mutation: You have hoof-like feet. [demonic ancestry]
  9440 | D:10     | Reached XP level 10. HP: 66/79 MP: 10/10
  9460 | D:10     | Found a staircase to the Orcish Mines.
  9481 | D:10     | Reached skill level 6 in Stealth
  9564 | D:10     | Gained mutation: You cannot train Dodging skill. [Ru sacrifice]
  9564 | D:10     | Reached ***** piety under Ru
  9587 | Orc:1    | Entered Level 1 of the Orcish Mines
  9794 | D:10     | Reached skill level 7 in Stealth
  9819 | D:10     | Found a staircase to the Lair.
  9851 | D:10     | Killed an unseen horror
  9869 | D:10     | Noticed Joseph
  9908 | D:10     | Killed Joseph
  9950 | D:10     | Reached skill level 8 in Stealth
 10012 | Lair:1   | Entered Level 1 of the Lair of Beasts
 10012 | Lair:1   | Noticed a spiny frog
 10031 | Lair:1   | Killed a spiny frog
 10191 | Lair:1   | Reached skill level 9 in Stealth
 10263 | Lair:1   | Found a frozen archway.
 10271 | IceCv    | Entered an ice cave
 10505 | IceCv    | Killed a reaper
 10562 | IceCv    | Noticed an ice statue
 10562 | IceCv    | Noticed an ice statue
 10927 | IceCv    | HP: 1/82 [something (5)]
 10938 | IceCv    | HP: 3/82 [ice devil (5)]
 10938 | IceCv    | Mangled by an ice devil

Vault maps used:
D:1:      mrwooster_arrival_arrow, minmay_tromino_v4_c
D:2:      led_sif_pool, uniq_jessica, uniq_iyjb, uniq_terence
D:3:      lemuel_crystal_altar, marbit_many_paths,
          lemuel_coloured_pillars_altar, first_bread, uniq_robin
D:4:      minmay_misc_feat_five, moated_statue
D:5:      st_stairs_12
D:6:      regret_index_temple_of_mockery, gammafunk_temple_overflow_wave,
          serial_shops, shop
D:7:      basic_altar
D:8:      serial_shops, kennysheep_mini_moat, blue_anna_alchemist,
          kennysheep_cross_bottleneck, xom_confusion_cloud, uniq_psyche
D:9:      makhleb_blood_cavern_becter
D:10:     minmay_lair_entry_grove, david_orc_2, basic_altar, uniq_joseph
Temple:   dshaligram_water_room_temple
Lair:1:   portal_ice_cave_rime, serial_bayou_pond_a, beast_lair_carwin_10,
          grunt_megastairs_4
Orc:1:    nicolae_orc_accident_1
IceCv:    ice_cave_small_demon

Skill      XL: |  1  2  3  4  5  6  7  8  9 10 |
---------------+-------------------------------+-----
Maces & Flails | 3 4 5 6 |  6.2
Armour         | 1 2 3 5 6 7 |  7.0
Fighting       | 4 5 6 7 8 |  8.4
Long Blades    | 2 5 7 8 |  8.5
Stealth        | 5 9 |  9.2
Dodging        | 0 |  0.0

Action                   |  1- 3 |  4- 6 |  7- 9 | 10-12 || total
-------------------------+-------+-------+-------+-------++-------
Melee: Mace              |   138 |   280 |    57 |       ||   475
       Scimitar          |       |       |   194 |       ||   194
       Long sword        |       |       |   182 |   182 ||   364
Invok: Sacrifice a Hand  |       |       |     1 |       ||     1
       Draw Out Power    |       |       |     3 |     4 ||     7
       Power Leap        |       |       |     3 |     4 ||     7
       Sacrifice Arcana  |       |       |     1 |       ||     1
       Apocalypse        |       |       |       |     4 ||     4
       Sacrifice Nimblen |       |       |       |     1 ||     1
Evoke: Wand              |       |       |       |     1 ||     1
  Use: Potion            |     1 |     3 |     3 |     4 ||    11
       Scroll            |       |    15 |     9 |     5 ||    29
 Stab: Sleeping          |     2 |       |       |       ||     2
       Distracted        |       |     1 |     3 |     3 ||     7
       Invisible         |       |       |       |     3 ||     3
       Paralysed         |       |       |       |     1 ||     1
  Eat: Chunk             |     3 |     6 |     9 |       ||    18
       Bread ration      |       |     1 |     1 |     1 ||     3
       Royal jelly       |       |       |     1 |       ||     1
Armor: Robe              |    29 |       |       |       ||    29
       Ring mail         |       |   144 |    96 |       ||   240
       Scale mail        |       |       |    65 |       ||    65
       Plate armour      |       |       |    48 |   141 ||   189
Dodge: Dodged            |   106 |   221 |   337 |   100 ||   764
       Rpst.: Scimitar   |       |       |    61 |       ||    61
       Long sword        |       |       |    30 |    25 ||    55
